 Dungeon Crawl Stone Soup version 0.25-a0-663-gace7076f2c (webtiles) character file.

Game seed: 8543085075175867744, levelgen mode: deterministic

74 ReteAZ the Skirmisher (level 4, -6/39 (40) HPs)
             Began as a Ghoul Fighter on Mar 24, 2020.
             Mangled by Sigmund
             ... wielding a cursed -1 scythe
              (7 damage)
             ... on level 2 of the Dungeon.
             The game lasted 00:01:39 (1126 turns).

ReteAZ the Skirmisher (Ghoul Fighter)               Turns: 1126, Time: 00:01:40

HP:   -6/39 (40)    AC:  6    Str: 19    XL:     4   Next: 28%
MP:   3/3           EV:  7    Int:  4    God:
Gold: 66            SH:  8    Dex:  8    Spells: 3/3 levels left

rFire    . . .     SeeInvis .     - Unarmed
rCold    + . .     Gourm    .   b - +0 kite shield
rNeg     + + +     Faith    .   a - +0 scale mail
rPois    ∞         Spirit   .   (no helmet)
rElec    .         Reflect  .   (no cloak)
rCorr    .         Harm     .   (no gloves)
MR       .....                  (no boots)
Stlth    ..........             (no amulet)
HPRegen  0.00/turn              (no ring)
MPRegen  0.08/turn              (no ring)

@: mighty, stab, rotting
A: rotting body, claws 1, carnivore, cold resistance 1, negative energy
resistance 3, inhibited regeneration, torment resistance, unbreathing
a: no special abilities


You were on level 2 of the Dungeon.
You were not hungry.

You visited 1 branch of the dungeon, and saw 2 of its levels.

You collected 66 gold pieces.

Inventory:

Armour
 a - a +0 scale mail (worn)
 b - a +0 kite shield (worn)
Scrolls
 e - 2 scrolls of remove curse {unknown}
 h - a scroll of amnesia {unknown}
 j - a scroll of blinking {unknown}
Potions
 i - a potion of heal wounds {unknown}
Comestibles
 d - 2 rations
 f - 11 chunks of flesh


   Skills:
 + Level 3.8 Fighting
 + Level 3.1 Armour
 + Level 3.1 Shields
 * Level 3.5 Unarmed Combat


You had 3 spell levels left.
You didn't know any spells.
Your spell library was empty.

Dungeon Overview and Level Annotations

Branches:
Dungeon (2/15)

Altars:

Annotations:
D:2 Sigmund


Innate Abilities, Weirdness & Mutations

Your body is rotting away.
You thrive on raw meat.
You are immune to poison.
You have sharp fingernails.
You are carnivorous and can eat meat at any time.
Your flesh is cold resistant. (rC+)
You are immune to negative energy. (rN+++)
You do not regenerate when monsters are visible.
You are immune to unholy pain and torment.
You can survive without breathing.


Message History

Something hits you but does no damage.
You miss something.
A goblin comes into view. It is wielding a +0 dagger.
Something hits you.
You miss something. You scratch something. Something hits you.
You barely miss something. Something hits you!
* * * LOW HITPOINT WARNING * * *
The adder bites you.
* * * LOW HITPOINT WARNING * * *
You closely miss something. You block the adder's attack.
You closely miss something. The adder bites you.
* * * LOW HITPOINT WARNING * * *
Something hits you but does no damage.
It was a potion of stabbing.
You feel ready to backstab. The adder bites you.
* * * LOW HITPOINT WARNING * * *
You block the goblin's attack. Something hits you!
You die...

).....................#
..........######.####.##
.########.# ####.####.(#
# ............
...>......####.#
#########....
.....##.......# #
#########.###.÷).#### #
................# #
........#####...# #
......S@# ##..# #
......g{# ..# #
........# .... #
........# ...#. #
.<....... .#.# #
........# .. ........#
........#


You could see an adder and a goblin.

Vanquished Creatures
  2 adders (D:2)
  2 dart slugs
  A leopard gecko (D:1)
  A ball python (D:1)
  3 bats (D:1)
  4 giant cockroaches (D:1)
  4 hobgoblins
  5 jackals (D:1)
  A quokka (D:2)
  2 frilled lizards (D:1)
  10 goblins
  4 kobolds
  6 rats
45 creatures vanquished.

Notes
Turn   | Place    | Note
-------+----------+-------------------------------------------
     0 | D:1      | ReteAZ the Ghoul Fighter began the quest for the Orb.
     0 | D:1      | Reached XP level 1. HP: 19/19 MP: 0/0
   123 | D:1      | Reached XP level 2. HP: 19/26 MP: 1/1
   551 | D:1      | Reached XP level 3. HP: 27/31 MP: 2/2
  1047 | D:2      | Reached XP level 4. HP: 40/40 MP: 3/3
  1111 | D:2      | Noticed Sigmund
  1126 | D:2      | HP: 1/39 [adder (1)]
  1126 | D:2      | Mangled by Sigmund

Levels and vault maps discovered:
D:1:      nagdon_arrival_zigzag_paths, layout_loops_ring, chequers_avenue
D:2:      cheibrodos_old_hovel, layout_basic, uniq_sigmund, uniq_robin

Skill      XL: |  1  2  3 |
---------------+----------+-----
Unarmed Combat | 3 |  3.5
Shields        | 3 |  3.1
Armour         | 3 |  3.1
Fighting       | |  3.8

Action                   |  1- 3 |  4- 6 || total
-------------------------+-------+-------++-------
Melee: Unarmed           |   127 |    31 ||   158
  Use: Potion            |       |     2 ||     2
  Eat: Chunk             |     7 |       ||     7
Armor: Scale mail        |    60 |     8 ||    68
Dodge: Dodged            |    42 |     7 ||    49
Block: Kite shield       |    48 |    10 ||    58

Table legend:
 A = Non-vault XP
 B = Vault XP
 C = Vault XP percentage of total XP
 D = Non-vault monster count
 E = Vault monster count
 F = Vault count percentage of total count
                 A         B        C        D         E       F
            +---------+---------+-------+---------+---------+-------
      Total |     104 |       2 |   1.9 |      44 |       1 |   2.2
            +---------+---------+-------+---------+---------+-------
        D:1 |      61 |       0 |   0.0 |      34 |       0 |   0.0
        D:2 |      43 |       2 |   4.4 |      10 |       1 |   9.1
            +---------+---------+-------+---------+---------+-------
